[ AOE2 MATCH · #472741140 ]
UnrankedVikings vs Huns
[ REPLAY ANALYSIS · EXTRACTED FROM THE RECORDED GAME ]
Feudal
12:51
Castle
—
Imperial
—
| APM avg | 64.2 |
| APM peak | 86 |
| eAPM avg | 36.0 |
| Villagers / military | 37 / 0 |
Focus
⚔️ 42.9% · 🌾 57.1%
Fishing Ship ×19
Feudal
10:50
Castle
—
Imperial
—
| APM avg | 51.3 |
| APM peak | 89 |
| eAPM avg | 21.7 |
| Villagers / military | 31 / 1 |
Focus
⚔️ 47.2% · 🌾 52.8%
Unknown (2626) ×4 · Fishing Ship ×2 · Trade Cog ×1 · Demolition Raft ×1
Feudal
9:50
Castle
—
Imperial
—
| APM avg | 33.3 |
| APM peak | 46 |
| eAPM avg | 13.5 |
| Villagers / military | 41 / 12 |
Focus
⚔️ 26.9% · 🌾 73.1%
Archer ×12
Feudal
11:31
Castle
—
Imperial
—
| APM avg | 17.2 |
| APM peak | 37 |
| eAPM avg | 8.1 |
| Villagers / military | 30 / 0 |
Focus
⚔️ 3.7% · 🌾 96.3%
Feudal
9:21
Castle
—
Imperial
—
| APM avg | 51.3 |
| APM peak | 83 |
| eAPM avg | 22.3 |
| Villagers / military | 34 / 6 |
Focus
⚔️ 52.0% · 🌾 48.0%
Militia ×3 · Spearman ×3
Feudal
9:25
Castle
—
Imperial
—
| APM avg | 57.0 |
| APM peak | 93 |
| eAPM avg | 11.5 |
| Villagers / military | 32 / 6 |
Focus
⚔️ 20.0% · 🌾 80.0%
Scout Cavalry ×5 · Unknown (2626) ×5 · Spearman ×1
Feudal
10:05
Castle
—
Imperial
—
| APM avg | 48.7 |
| APM peak | 78 |
| eAPM avg | 25.0 |
| Villagers / military | 36 / 11 |
Focus
⚔️ 45.3% · 🌾 54.7%
Archer ×9 · Fishing Ship ×3 · Spearman ×2
Feudal
8:54
Castle
—
Imperial
—
| APM avg | 44.2 |
| APM peak | 75 |
| eAPM avg | 13.4 |
| Villagers / military | 32 / 6 |
Focus
⚔️ 29.3% · 🌾 70.7%
Scout Cavalry ×6
Match map
Initial resources + every placement click. Lines = walls · curves = elevation contours. ◆ gold · ⬟ stone · ● berries · ✦ relic · ◌ wall gap
Your base· ✓ Map-separated
杰KaMi摸鱼号's base· ✓ Map-separated
70后老菜鸟's base· ✓ Map-separated
老头's base· ✓ Map-separated
啊这's base· ✓ Map-separated
{N0C}The Trashman's base· ✓ Map-separated
达拉姆大主教's base· ✓ Map-separated
'Osias' = stinky whore's base· ✓ Map-separated
Smoothed initial terrain · ◌ = detected wall gap · hover for details
Inputs per minute
— 桐月 - - 杰KaMi摸鱼号
Build order — 桐月
80 actions detected in the replay
| 0:08 | Create | Villager (Male) |
| 0:10 | Build | House |
| 0:12 | Build | House |
| 0:16 | Create | Villager (Male) ×3 |
| 1:36 | Create | Villager (Male) |
| 2:00 | Build | Lumber Camp |
| 2:02 | Create | Villager (Male) |
| 2:02 | Create | Villager (Male) |
| 2:19 | Create | Villager (Male) |
| 2:19 | Create | Villager (Male) |
| 2:49 | Create | Villager (Male) |
| 2:49 | Create | Villager (Male) |
| 3:16 | Create | Villager (Male) |
| 3:17 | Create | Villager (Male) |
| 3:41 | Create | Villager (Male) |
| 3:41 | Create | Villager (Male) |
| 3:46 | Build | House |
| 4:09 | Create | Villager (Male) |
| 4:10 | Create | Villager (Male) |
| 4:22 | Build | House |
| 4:27 | Build | House |
| 4:33 | Create | Villager (Male) |
| 4:33 | Create | Villager (Male) |
| 4:56 | Create | Villager (Male) |
| 4:56 | Create | Villager (Male) |
| 5:00 | Build | House |
| 5:28 | Create | Villager (Male) |
| 5:28 | Create | Villager (Male) |
| 5:35 | Build | House |
| 6:00 | Build | Dock |
| 6:01 | Create | Villager (Male) |
| 6:02 | Create | Villager (Male) |
| 6:31 | Create | Villager (Male) |
| 6:31 | Create | Villager (Male) |
| 6:40 | Create | Villager (Male) |
| 6:52 | Build | House |
| 7:05 | Create | Villager (Male) |
| 7:05 | Create | Villager (Male) |
| 7:24 | Create | Fishing Ship |
| 7:24 | Create | Fishing Ship |
| 7:24 | Create | Fishing Ship |
| 7:25 | Create | Fishing Ship |
| 7:25 | Create | Fishing Ship |
| 8:02 | Build | Dock |
| 8:11 | Create | Villager (Male) |
| 8:27 | Create | Villager (Male) |
| 8:28 | Build | Mill |
| 8:53 | Create | Fishing Ship |
| 8:54 | Create | Fishing Ship |
| 9:04 | Research | Loom |
| 9:34 | Build | Lumber Camp |
| 9:37 | Create | Villager (Male) |
| 9:51 | Create | Villager (Male) |
| 9:53 | Create | Fishing Ship |
| 9:56 | Create | Fishing Ship |
| 9:56 | Create | Fishing Ship |
| 10:19 | Research | Feudal Age |
| 10:19 | Research | Feudal Age |
| 10:43 | Create | Fishing Ship |
| 10:44 | Create | Fishing Ship |
| 10:49 | Create | Fishing Ship |
| 10:53 | Create | Fishing Ship |
| 11:01 | Build | Dock |
| 11:07 | Create | Fishing Ship |
| 11:31 | Create | Villager (Male) |
| 11:38 | Create | Fishing Ship |
| 11:38 | Create | Fishing Ship |
| 12:02 | Create | Fishing Ship |
| 12:03 | Create | Fishing Ship |
| 12:25 | Build | Palisade Wall |
| 12:26 | Build | Palisade Wall |
| 12:51 | Age | Feudal Age |
| 12:56 | Build | Market |
| 12:58 | Build | Blacksmith |
| 13:08 | Create | Villager (Male) |
| 13:23 | Create | Villager (Male) |
| 13:26 | Build | Mining Camp |
| 13:34 | Build | House |
| 13:35 | Build | House |
| 13:44 | Research | Double-Bit Axe |
Build order — 杰KaMi摸鱼号
82 actions detected in the replay
| 0:01 | Create | Villager (Male) |
| 0:01 | Create | Villager (Male) |
| 0:02 | Create | Villager (Male) |
| 0:02 | Create | Villager (Male) |
| 0:03 | Build | House |
| 0:04 | Build | House |
| 1:11 | Create | Villager (Male) |
| 1:59 | Create | Villager (Male) |
| 2:31 | Build | Lumber Camp |
| 2:34 | Create | Villager (Male) |
| 2:34 | Create | Villager (Male) |
| 2:35 | Create | Villager (Male) |
| 3:16 | Create | Villager (Male) |
| 3:24 | Create | Villager (Male) |
| 3:28 | Build | House |
| 4:13 | Create | Villager (Male) |
| 4:36 | Create | Villager (Male) |
| 5:03 | Create | Villager (Male) |
| 5:20 | Create | Villager (Male) |
| 5:48 | Create | Villager (Male) |
| 6:12 | Create | Villager (Male) |
| 6:15 | Build | Dock |
| 6:24 | Build | Mining Camp |
| 6:27 | Create | Villager (Male) |
| 6:58 | Create | Fishing Ship |
| 7:01 | Create | Villager (Male) |
| 7:12 | Research | Loom |
| 8:10 | Create | Villager (Male) |
| 8:15 | Create | Fishing Ship |
| 8:27 | Build | Mill |
| 8:40 | Research | Feudal Age |
| 8:40 | Research | Feudal Age |
| 9:03 | Build | Palisade Wall |
| 9:04 | Build | Palisade Wall |
| 9:18 | Build | Dock |
| 9:29 | Build | Palisade Wall |
| 9:35 | Build | Palisade Wall |
| 9:42 | Build | Palisade Wall |
| 9:46 | Build | Palisade Wall |
| 9:47 | Build | Palisade Wall |
| 9:50 | Build | Palisade Wall |
| 9:53 | Build | Palisade Wall |
| 9:57 | Create | Villager (Male) |
| 10:34 | Build | Dock |
| 10:39 | Create | Villager (Male) |
| 10:40 | Build | House |
| 10:41 | Build | House |
| 10:50 | Age | Feudal Age |
| 10:51 | Create | Unit 2626 |
| 10:51 | Create | Unit 2626 |
| 10:59 | Research | Double-Bit Axe |
| 11:11 | Create | Villager (Male) |
| 11:12 | Build | Farm |
| 11:14 | Build | Farm |
| 11:25 | Build | Palisade Wall |
| 11:26 | Build | Palisade Wall |
| 11:33 | Create | Unit 2626 |
| 11:43 | Create | Demolition Raft |
| 11:54 | Create | Villager (Male) |
| 11:57 | Build | Farm |
| 12:08 | Create | Unit 2626 |
| 12:12 | Create | Villager (Male) |
| 12:16 | Create | Villager (Male) |
| 12:42 | Create | Trade Cog |
| 12:57 | Create | Villager (Male) |
| 12:59 | Build | Farm |
| 13:01 | Build | Farm |
| 13:02 | Build | House |
| 13:05 | Build | Palisade Wall |
| 13:06 | Build | Palisade Wall |
| 13:06 | Build | Palisade Wall |
| 13:07 | Build | Palisade Wall |
| 13:07 | Build | Palisade Wall |
| 13:09 | Create | Villager (Male) |
| 13:27 | Build | Farm |
| 13:28 | Create | Villager (Male) |
| 13:51 | Build | Farm |
| 13:57 | Build | Palisade Wall |
| 13:59 | Build | Palisade Wall |
| 14:05 | Create | Villager (Male) |
| 14:06 | Build | Farm |
| 14:16 | Create | Villager (Male) |
Build order — 70后老菜鸟
80 actions detected in the replay
| 0:01 | Create | Villager (Male) |
| 0:01 | Create | Villager (Male) |
| 0:07 | Create | Villager (Male) |
| 0:07 | Create | Villager (Male) |
| 0:08 | Create | Villager (Male) |
| 1:17 | Create | Villager (Male) |
| 1:17 | Create | Villager (Male) |
| 1:46 | Build | Lumber Camp |
| 1:55 | Create | Villager (Male) |
| 1:55 | Create | Villager (Male) |
| 2:06 | Create | Villager (Male) |
| 2:06 | Create | Villager (Male) |
| 2:37 | Create | Villager (Male) |
| 2:38 | Create | Villager (Male) |
| 2:58 | Create | Villager (Male) |
| 2:58 | Create | Villager (Male) |
| 3:26 | Create | Villager (Male) |
| 3:26 | Create | Villager (Male) |
| 3:50 | Create | Villager (Male) |
| 3:50 | Create | Villager (Male) |
| 4:01 | Create | Villager (Male) |
| 4:01 | Create | Villager (Male) |
| 4:18 | Build | Mill |
| 4:21 | Create | Villager (Male) |
| 4:21 | Create | Villager (Male) |
| 4:52 | Create | Villager (Male) |
| 4:53 | Create | Villager (Male) |
| 5:09 | Create | Villager (Male) |
| 5:09 | Create | Villager (Male) |
| 5:34 | Create | Villager (Male) |
| 5:55 | Create | Villager (Male) |
| 5:56 | Research | Loom |
| 6:16 | Build | Barracks |
| 7:40 | Research | Feudal Age |
| 7:40 | Research | Feudal Age |
| 8:14 | Build | Mining Camp |
| 8:28 | Build | Lumber Camp |
| 9:50 | Age | Feudal Age |
| 9:55 | Build | Archery Range |
| 9:58 | Create | Villager (Male) |
| 10:00 | Research | Double-Bit Axe |
| 10:00 | Research | Double-Bit Axe |
| 10:03 | Create | Villager (Male) |
| 10:15 | Create | Villager (Male) |
| 10:42 | Build | Palisade Wall |
| 10:43 | Build | Palisade Wall |
| 10:47 | Create | Archer |
| 10:52 | Build | Archery Range |
| 10:56 | Create | Archer |
| 10:57 | Create | Villager (Male) |
| 11:05 | Build | Palisade Wall |
| 11:06 | Build | Palisade Wall |
| 11:11 | Build | Palisade Gate |
| 11:14 | Create | Archer |
| 11:16 | Create | Villager (Male) |
| 11:27 | Create | Villager (Male) |
| 11:35 | Create | Archer |
| 11:35 | Create | Archer |
| 11:43 | Create | Villager (Male) |
| 12:04 | Build | Palisade Wall |
| 12:05 | Build | Palisade Wall |
| 12:06 | Build | Palisade Wall |
| 12:09 | Create | Archer |
| 12:09 | Create | Archer |
| 12:18 | Create | Villager (Male) |
| 12:20 | Create | Archer |
| 12:20 | Create | Archer |
| 12:20 | Create | Archer |
| 12:32 | Build | Farm |
| 12:47 | Create | Villager (Male) |
| 12:49 | Build | Farm |
| 13:04 | Build | Blacksmith |
| 13:05 | Create | Villager (Male) |
| 13:28 | Create | Villager (Male) |
| 13:31 | Create | Archer |
| 13:31 | Create | Archer |
| 13:38 | Build | Farm |
| 13:42 | Build | Farm |
| 13:46 | Create | Villager (Male) |
| 14:18 | Build | Farm |
Build order — 老头
50 actions detected in the replay
| 0:03 | Build | House |
| 0:04 | Create | Villager (Male) |
| 0:05 | Create | Villager (Male) |
| 0:05 | Create | Villager (Male) |
| 0:06 | Build | House |
| 0:55 | Create | Villager (Male) |
| 0:55 | Create | Villager (Male) |
| 1:31 | Create | Villager (Male) |
| 1:32 | Create | Villager (Male) |
| 1:55 | Build | Lumber Camp |
| 2:28 | Create | Villager (Male) |
| 2:29 | Create | Villager (Male) |
| 2:29 | Create | Villager (Male) |
| 2:54 | Create | Villager (Male) |
| 2:59 | Build | House |
| 3:19 | Create | Villager (Male) |
| 3:19 | Create | Villager (Male) |
| 3:58 | Create | Villager (Male) |
| 4:07 | Create | Villager (Male) |
| 4:49 | Build | Mill |
| 4:57 | Create | Villager (Male) |
| 5:01 | Create | Villager (Male) |
| 5:51 | Create | Villager (Male) |
| 5:51 | Create | Villager (Male) |
| 5:52 | Create | Villager (Male) |
| 6:01 | Build | House |
| 6:59 | Create | Villager (Male) |
| 7:02 | Build | Mill |
| 7:17 | Create | Villager (Male) |
| 8:06 | Create | Villager (Male) |
| 8:10 | Create | Villager (Male) |
| 8:49 | Build | Farm |
| 8:52 | Build | Farm |
| 8:55 | Research | Loom |
| 8:57 | Build | Mining Camp |
| 9:21 | Research | Feudal Age |
| 10:10 | Build | Barracks |
| 10:46 | Create | Villager (Male) |
| 10:46 | Create | Villager (Male) |
| 10:50 | Build | Palisade Wall |
| 11:25 | Create | Villager (Male) |
| 11:26 | Create | Villager (Male) |
| 11:31 | Age | Feudal Age |
| 11:45 | Build | Archery Range |
| 12:17 | Create | Villager (Male) |
| 12:53 | Build | House |
| 13:07 | Create | Villager (Male) |
| 13:31 | Build | Blacksmith |
| 13:50 | Build | Mining Camp |
| 14:19 | Research | Castle Age |
Build order — 啊这
68 actions detected in the replay
| 0:01 | Create | Villager (Male) |
| 0:02 | Create | Villager (Male) |
| 0:03 | Build | House |
| 0:05 | Build | House |
| 0:06 | Create | Villager (Male) |
| 0:06 | Create | Villager (Male) |
| 1:36 | Create | Villager (Male) |
| 1:41 | Create | Villager (Male) |
| 1:41 | Create | Villager (Male) |
| 2:07 | Create | Villager (Male) |
| 2:07 | Create | Villager (Male) |
| 2:26 | Create | Villager (Male) |
| 2:37 | Build | Lumber Camp |
| 2:49 | Create | Villager (Male) |
| 3:10 | Create | Villager (Male) |
| 3:31 | Create | Villager (Male) |
| 3:49 | Create | Villager (Male) |
| 4:12 | Create | Villager (Male) |
| 4:15 | Create | Villager (Male) |
| 4:16 | Build | House |
| 4:46 | Build | Mill |
| 5:36 | Create | Villager (Male) |
| 5:51 | Create | Villager (Male) |
| 6:09 | Create | Villager (Male) |
| 6:46 | Research | Loom |
| 6:46 | Research | Loom |
| 7:01 | Build | Mining Camp |
| 7:11 | Research | Feudal Age |
| 7:11 | Research | Feudal Age |
| 8:47 | Create | Villager (Male) |
| 8:53 | Build | House |
| 9:04 | Create | Villager (Male) |
| 9:12 | Build | Barracks |
| 9:21 | Age | Feudal Age |
| 9:58 | Create | Villager (Male) |
| 10:14 | Create | Villager (Male) |
| 10:16 | Build | House |
| 10:17 | Create | Villager (Male) |
| 10:22 | Build | Mining Camp |
| 10:42 | Create | Villager (Male) |
| 11:17 | Create | Villager (Male) |
| 11:22 | Build | Barracks |
| 11:26 | Build | Palisade Wall |
| 11:31 | Create | Villager (Male) |
| 11:48 | Create | Villager (Male) |
| 11:52 | Build | Palisade Wall |
| 11:54 | Build | Palisade Wall |
| 11:57 | Create | Villager (Male) |
| 12:00 | Create | Spearman |
| 12:00 | Create | Spearman |
| 12:11 | Build | Farm |
| 12:13 | Create | Spearman |
| 12:18 | Research | Man-at-Arms (upgrade) |
| 12:19 | Create | Militia |
| 12:35 | Build | Farm |
| 12:37 | Build | Farm |
| 12:40 | Create | Villager (Male) |
| 12:45 | Create | Villager (Male) |
| 13:14 | Create | Militia |
| 13:14 | Create | Militia |
| 13:15 | Create | Villager (Male) |
| 13:15 | Create | Villager (Male) |
| 13:18 | Build | Farm |
| 13:22 | Build | Farm |
| 13:34 | Build | House |
| 13:37 | Build | Farm |
| 13:39 | Build | Farm |
| 13:43 | Create | Villager (Male) |
Build order — {N0C}The Trashman
71 actions detected in the replay
| 0:00 | Create | Villager (Male) |
| 0:01 | Create | Villager (Male) |
| 0:02 | Build | House |
| 0:03 | Build | House |
| 0:13 | Create | Villager (Male) |
| 0:14 | Create | Villager (Male) |
| 1:41 | Create | Villager (Male) |
| 1:41 | Create | Villager (Male) |
| 1:47 | Build | Lumber Camp |
| 2:03 | Create | Villager (Male) |
| 2:15 | Create | Villager (Male) |
| 2:15 | Create | Villager (Male) |
| 2:51 | Create | Villager (Male) |
| 3:25 | Build | House |
| 3:30 | Create | Villager (Male) |
| 3:30 | Create | Villager (Male) |
| 3:35 | Create | Villager (Male) |
| 3:35 | Create | Villager (Male) |
| 4:12 | Create | Villager (Male) |
| 4:22 | Build | Mill |
| 4:34 | Create | Villager (Male) |
| 4:35 | Create | Villager (Male) |
| 4:51 | Create | Villager (Male) |
| 4:51 | Create | Villager (Male) |
| 4:55 | Create | Villager (Male) |
| 5:18 | Build | House |
| 6:27 | Research | Loom |
| 7:08 | Research | Feudal Age |
| 7:19 | Build | Barracks |
| 7:40 | Build | Barracks |
| 8:37 | Build | House |
| 9:08 | Create | Villager (Male) |
| 9:25 | Age | Feudal Age |
| 9:28 | Build | Stable |
| 9:32 | Research | Double-Bit Axe |
| 10:00 | Create | Spearman |
| 10:01 | Create | Villager (Male) |
| 10:01 | Create | Villager (Male) |
| 10:05 | Build | Farm |
| 10:21 | Build | Palisade Gate |
| 10:23 | Create | Scout Cavalry |
| 10:23 | Create | Scout Cavalry |
| 10:29 | Create | Villager (Male) |
| 10:31 | Build | Farm |
| 10:51 | Build | Dock |
| 10:55 | Create | Villager (Male) |
| 11:03 | Build | House |
| 11:05 | Build | Palisade Wall |
| 11:10 | Create | Scout Cavalry |
| 11:10 | Create | Scout Cavalry |
| 11:34 | Create | Unit 2626 |
| 11:34 | Create | Unit 2626 |
| 11:34 | Create | Unit 2626 |
| 11:40 | Create | Scout Cavalry |
| 12:04 | Create | Villager (Male) |
| 12:09 | Build | Farm |
| 12:10 | Build | Farm |
| 12:11 | Build | Farm |
| 12:45 | Create | Villager (Male) |
| 13:07 | Create | Villager (Male) |
| 13:11 | Create | Unit 2626 |
| 13:11 | Create | Unit 2626 |
| 13:19 | Build | Mining Camp |
| 13:28 | Build | House |
| 13:30 | Build | Palisade Wall |
| 13:35 | Create | Villager (Male) |
| 13:35 | Create | Villager (Male) |
| 13:37 | Build | Farm |
| 13:50 | Build | House |
| 13:52 | Create | Villager (Male) |
| 13:52 | Create | Villager (Male) |
Build order — 达拉姆大主教
99 actions detected in the replay
| 0:03 | Create | Villager (Male) |
| 0:03 | Create | Villager (Male) |
| 0:05 | Build | House |
| 0:05 | Build | House |
| 0:07 | Create | Villager (Male) |
| 0:11 | Create | Villager (Male) |
| 0:11 | Create | Villager (Male) |
| 1:32 | Create | Villager (Male) |
| 1:46 | Create | Villager (Male) |
| 2:04 | Create | Villager (Male) |
| 2:51 | Create | Villager (Male) |
| 3:20 | Create | Villager (Male) |
| 3:21 | Create | Villager (Male) |
| 3:53 | Create | Villager (Male) |
| 3:53 | Create | Villager (Male) |
| 4:01 | Build | Dock |
| 4:06 | Build | House |
| 4:10 | Create | Villager (Male) |
| 4:10 | Create | Villager (Male) |
| 4:35 | Build | Lumber Camp |
| 4:35 | Create | Villager (Male) |
| 4:36 | Create | Villager (Male) |
| 4:46 | Create | Fishing Ship |
| 5:02 | Create | Villager (Male) |
| 5:26 | Create | Villager (Male) |
| 5:33 | Create | Fishing Ship |
| 5:55 | Create | Villager (Male) |
| 5:55 | Create | Villager (Male) |
| 5:55 | Create | Villager (Male) |
| 6:28 | Create | Fishing Ship |
| 6:39 | Create | Villager (Male) |
| 6:45 | Build | Mill |
| 6:50 | Research | Loom |
| 7:17 | Create | Villager (Male) |
| 7:18 | Create | Villager (Male) |
| 7:55 | Research | Feudal Age |
| 7:56 | Research | Feudal Age |
| 8:19 | Build | Lumber Camp |
| 8:25 | Build | Barracks |
| 8:37 | Create | Villager (Male) |
| 8:37 | Create | Villager (Male) |
| 8:58 | Build | Barracks |
| 9:03 | Build | Palisade Wall |
| 9:05 | Build | Palisade Wall |
| 9:06 | Build | Palisade Wall |
| 9:29 | Build | House |
| 10:05 | Age | Feudal Age |
| 10:08 | Build | Archery Range |
| 10:10 | Create | Spearman |
| 10:11 | Create | Villager (Male) |
| 10:18 | Build | Mining Camp |
| 10:20 | Research | Double-Bit Axe |
| 10:26 | Create | Spearman |
| 10:33 | Create | Villager (Male) |
| 10:39 | Build | House |
| 10:44 | Create | Villager (Male) |
| 11:03 | Create | Archer |
| 11:21 | Build | Archery Range |
| 11:25 | Create | Archer |
| 11:32 | Create | Villager (Male) |
| 11:34 | Build | Palisade Wall |
| 11:34 | Build | Palisade Wall |
| 11:35 | Build | Palisade Wall |
| 11:36 | Build | Palisade Wall |
| 11:38 | Build | Palisade Wall |
| 11:40 | Build | Palisade Wall |
| 11:41 | Build | Palisade Wall |
| 11:42 | Build | Palisade Wall |
| 11:42 | Build | Palisade Wall |
| 11:43 | Build | Palisade Wall |
| 11:56 | Create | Archer |
| 11:56 | Create | Archer |
| 12:16 | Build | House |
| 12:33 | Create | Villager (Male) |
| 12:34 | Build | Palisade Wall |
| 12:40 | Build | Blacksmith |
| 12:41 | Create | Archer |
| 12:43 | Build | Palisade Wall |
| 12:46 | Build | Palisade Wall |
| 12:47 | Build | Palisade Wall |
| 12:52 | Build | Palisade Wall |
| 12:55 | Create | Archer |
| 13:00 | Create | Villager (Male) |
| 13:14 | Create | Archer |
| 13:16 | Create | Villager (Male) |
| 13:42 | Build | House |
| 13:44 | Build | House |
| 13:46 | Build | House |
| 13:50 | Build | Palisade Wall |
| 13:56 | Build | Palisade Gate |
| 13:58 | Build | Palisade Wall |
| 13:58 | Create | Villager (Male) |
| 14:02 | Create | Archer |
| 14:02 | Create | Archer |
| 14:06 | Research | Fletching |
| 14:08 | Build | House |
| 14:09 | Build | Farm |
| 14:13 | Build | Farm |
| 14:15 | Create | Villager (Male) |
Build order — 'Osias' = stinky whore
76 actions detected in the replay
| 0:00 | Create | Villager (Male) |
| 0:01 | Create | Villager (Male) |
| 0:02 | Build | House |
| 0:04 | Build | House |
| 0:30 | Create | Villager (Male) |
| 0:30 | Create | Villager (Male) |
| 1:31 | Create | Villager (Male) |
| 1:31 | Create | Villager (Male) |
| 1:43 | Create | Villager (Male) |
| 1:43 | Create | Villager (Male) |
| 1:50 | Build | Lumber Camp |
| 2:27 | Create | Villager (Male) |
| 2:27 | Create | Villager (Male) |
| 2:44 | Create | Villager (Male) |
| 3:18 | Create | Villager (Male) |
| 3:46 | Create | Villager (Male) |
| 3:46 | Create | Villager (Male) |
| 3:50 | Build | House |
| 3:57 | Create | Villager (Male) |
| 4:10 | Build | Mill |
| 4:21 | Create | Villager (Male) |
| 4:21 | Create | Villager (Male) |
| 4:22 | Create | Villager (Male) |
| 4:53 | Create | Villager (Male) |
| 4:53 | Create | Villager (Male) |
| 5:06 | Create | Villager (Male) |
| 5:30 | Research | Loom |
| 6:44 | Research | Feudal Age |
| 6:51 | Build | Barracks |
| 8:31 | Create | Villager (Male) |
| 8:54 | Age | Feudal Age |
| 8:56 | Research | Double-Bit Axe |
| 9:01 | Build | Stable |
| 9:10 | Build | House |
| 9:12 | Create | Villager (Male) |
| 9:50 | Research | Horse Collar |
| 9:51 | Create | Villager (Male) |
| 9:53 | Build | Farm |
| 9:54 | Build | Farm |
| 10:12 | Build | Farm |
| 10:13 | Create | Villager (Male) |
| 10:17 | Create | Scout Cavalry |
| 10:22 | Build | Palisade Wall |
| 10:22 | Build | Palisade Wall |
| 10:23 | Build | Palisade Wall |
| 10:24 | Build | Palisade Wall |
| 10:25 | Build | Palisade Wall |
| 10:26 | Build | Palisade Wall |
| 10:40 | Build | House |
| 10:42 | Build | Farm |
| 10:44 | Create | Scout Cavalry |
| 10:56 | Create | Villager (Male) |
| 11:03 | Build | Farm |
| 11:24 | Create | Scout Cavalry |
| 11:27 | Build | Farm |
| 11:29 | Build | Farm |
| 11:35 | Create | Villager (Male) |
| 11:42 | Build | House |
| 12:02 | Create | Villager (Male) |
| 12:08 | Build | Farm |
| 12:10 | Build | Farm |
| 12:12 | Create | Scout Cavalry |
| 12:27 | Create | Villager (Male) |
| 12:32 | Build | House |
| 12:40 | Build | Farm |
| 12:45 | Build | House |
| 12:49 | Create | Villager (Male) |
| 13:03 | Build | House |
| 13:11 | Create | Scout Cavalry |
| 13:31 | Create | Villager (Male) |
| 13:34 | Build | House |
| 13:37 | Build | Farm |
| 13:37 | Build | Farm |
| 13:40 | Create | Scout Cavalry |
| 13:50 | Build | House |
| 13:57 | Create | Villager (Male) |
Match timeline
| 4:01 | 达拉姆大主教 · first_building Dock |
| 6:00 | 桐月 · first_building Dock |
| 6:15 | 杰KaMi摸鱼号 · first_building Dock |
| 6:16 | 70后老菜鸟 · first_building Barracks |
| 6:51 | 'Osias' = stinky whore · first_building Barracks |
| 7:19 | {N0C}The Trashman · first_building Barracks |
| 8:25 | 达拉姆大主教 · first_building Barracks |
| 8:54 | 'Osias' = stinky whore · age_up feudal |
| 9:01 | 'Osias' = stinky whore · first_building Stable |
| 9:03 | 杰KaMi摸鱼号 · wall_segment Palisade Wall x1 |
| 9:03 | 达拉姆大主教 · wall_segment Palisade Wall x1 |
| 9:04 | 杰KaMi摸鱼号 · wall_segment Palisade Wall x1 |
| 9:05 | 达拉姆大主教 · wall_segment Palisade Wall x1 |
| 9:06 | 达拉姆大主教 · wall_segment Palisade Wall x1 |
| 9:12 | 啊这 · first_building Barracks |
| 9:21 | 啊这 · age_up feudal |
| 9:25 | {N0C}The Trashman · age_up feudal |
| 9:28 | {N0C}The Trashman · first_building Stable |
| 9:29 | 杰KaMi摸鱼号 · wall_segment Palisade Wall x1 |
| 9:35 | 杰KaMi摸鱼号 · wall_segment Palisade Wall x1 |
| 9:42 | 杰KaMi摸鱼号 · wall_segment Palisade Wall x1 |
| 9:46 | 杰KaMi摸鱼号 · wall_segment Palisade Wall x1 |
| 9:47 | 杰KaMi摸鱼号 · wall_segment Palisade Wall x1 |
| 9:50 | 70后老菜鸟 · age_up feudal |
| 9:50 | 杰KaMi摸鱼号 · wall_segment Palisade Wall x1 |
| 9:53 | 杰KaMi摸鱼号 · wall_segment Palisade Wall x1 |
| 9:55 | 70后老菜鸟 · first_building Archery Range |
| 10:05 | 达拉姆大主教 · age_up feudal |
| 10:08 | 达拉姆大主教 · first_building Archery Range |
| 10:10 | 老头 · first_building Barracks |
| 10:22 | 'Osias' = stinky whore · wall_segment Palisade Wall x4 |
| 10:22 | 'Osias' = stinky whore · wall_segment Palisade Wall x2 |
| 10:23 | 'Osias' = stinky whore · wall_segment Palisade Wall x4 |
| 10:24 | 'Osias' = stinky whore · wall_segment Palisade Wall x2 |
| 10:25 | 'Osias' = stinky whore · wall_segment Palisade Wall x5 |
| 10:26 | 'Osias' = stinky whore · wall_segment Palisade Wall x3 |
| 10:42 | 70后老菜鸟 · wall_segment Palisade Wall x3 |
| 10:43 | 70后老菜鸟 · wall_segment Palisade Wall x4 |
| 10:50 | 老头 · wall_segment Palisade Wall x6 |
| 10:50 | 杰KaMi摸鱼号 · age_up feudal |
| 10:51 | {N0C}The Trashman · first_building Dock |
| 11:05 | 70后老菜鸟 · wall_segment Palisade Wall x3 |
| 11:05 | {N0C}The Trashman · wall_segment Palisade Wall x4 |
| 11:06 | 70后老菜鸟 · wall_segment Palisade Wall x8 |
| 11:25 | 杰KaMi摸鱼号 · wall_segment Palisade Wall x1 |
| 11:26 | 啊这 · wall_segment Palisade Wall x1 |
| 11:26 | 杰KaMi摸鱼号 · wall_segment Palisade Wall x1 |
| 11:31 | 老头 · age_up feudal |
| 11:34 | 达拉姆大主教 · wall_segment Palisade Wall x1 |
| 11:34 | 达拉姆大主教 · wall_segment Palisade Wall x1 |
| 11:35 | 达拉姆大主教 · wall_segment Palisade Wall x1 |
| 11:36 | 达拉姆大主教 · wall_segment Palisade Wall x1 |
| 11:38 | 达拉姆大主教 · wall_segment Palisade Wall x1 |
| 11:40 | 达拉姆大主教 · wall_segment Palisade Wall x1 |
| 11:41 | 达拉姆大主教 · wall_segment Palisade Wall x1 |
| 11:42 | 达拉姆大主教 · wall_segment Palisade Wall x1 |
| 11:42 | 达拉姆大主教 · wall_segment Palisade Wall x1 |
| 11:43 | 达拉姆大主教 · wall_segment Palisade Wall x1 |
| 11:45 | 老头 · first_building Archery Range |
| 11:52 | 啊这 · wall_segment Palisade Wall x1 |
| 11:54 | 啊这 · wall_segment Palisade Wall x1 |
| 12:04 | 70后老菜鸟 · wall_segment Palisade Wall x6 |
| 12:05 | 70后老菜鸟 · wall_segment Palisade Wall x4 |
| 12:06 | 70后老菜鸟 · wall_segment Palisade Wall x4 |
| 12:25 | 桐月 · wall_segment Palisade Wall x1 |
| 12:26 | 桐月 · wall_segment Palisade Wall x1 |
| 12:34 | 达拉姆大主教 · wall_segment Palisade Wall x1 |
| 12:43 | 达拉姆大主教 · wall_segment Palisade Wall x3 |
| 12:46 | 达拉姆大主教 · wall_segment Palisade Wall x2 |
| 12:47 | 达拉姆大主教 · wall_segment Palisade Wall x1 |
| 12:51 | 桐月 · age_up feudal |
| 12:52 | 达拉姆大主教 · wall_segment Palisade Wall x1 |
| 13:05 | 杰KaMi摸鱼号 · wall_segment Palisade Wall x1 |
| 13:06 | 杰KaMi摸鱼号 · wall_segment Palisade Wall x1 |
| 13:06 | 杰KaMi摸鱼号 · wall_segment Palisade Wall x1 |
| 13:07 | 杰KaMi摸鱼号 · wall_segment Palisade Wall x1 |
| 13:07 | 杰KaMi摸鱼号 · wall_segment Palisade Wall x1 |
| 13:30 | {N0C}The Trashman · wall_segment Palisade Wall x3 |
| 13:50 | 达拉姆大主教 · wall_segment Palisade Wall x1 |
| 13:57 | 杰KaMi摸鱼号 · wall_segment Palisade Wall x1 |
| 13:58 | 达拉姆大主教 · wall_segment Palisade Wall x1 |
| 13:59 | {N0C}The Trashman · resign |
| 13:59 | 杰KaMi摸鱼号 · wall_segment Palisade Wall x1 |
[ AI ANALYSIS · 1 CREDIT ]
What really happened in this match?
Wolo.gg analyzes every decision: build order, eco, micro, common mistakes by bracket. Personalized analysis on WhatsApp or Discord in 30 seconds.
Civ guide
Vikings
Perfil
Jugador #8993542